 Dungeon Crawl Stone Soup version 0.29.1-1-gd02db6906a (webtiles) character file.

Game seed: 17208128714273990761

522 warriortoast the Magician (level 7, 0/36 HPs)
             Began as a Deep Elf Conjurer on Oct 11, 2022.
             Was a Follower of Sif Muna.
             Slain by a mummy (7 damage)
             ... in an ossuary.
             The game lasted 00:11:07 (6675 turns).

warriortoast the Magician (Deep Elf Conjurer)       Turns: 6675, Time: 00:11:08

Health: 0/36       AC:  7    Str:  4    XL:     7   Next: 1%
Magic:  8/18       EV: 12    Int: 25    God:    Sif Muna [*.....]
Gold:   217        SH:  0    Dex: 13    Spells: 11/19 levels left

rFire   . . .      SeeInvis .   d - +1 short sword
rCold   . . .      Faith    .   (no shield)
rNeg    . . .      Spirit   .   a - +0 robe
rPois   .          Reflect  .   r - +2 helmet
rElec   .          Harm     .   (no cloak)
rCorr   .          Rampage  .   p - +1 pair of gloves
Will    .....                   (no boots)
Stlth   ++........              (no amulet)
HPRegen 0.12/turn               (no ring)
MPRegen 0.16/turn               (no ring)

@: no status effects
A: no striking features
a: Renounce Religion, Channel Magic


You were in an ossuary.
You worshipped Sif Muna.
Sif Muna was aware of your devotion.
You visited 1 branch of the dungeon, and saw 5 of its levels.
You also visited: Ossuary.

You collected 217 gold pieces.

Inventory:

Hand Weapons
 d - a +1 short sword (weapon)
Armour
 a - a +0 robe (worn)
 p - a +1 pair of gloves (worn)
 r - a +2 helmet (worn)
Magical Staves
 g - a staff of air
Wands
 o - a wand of light (7)
Scrolls
 c - a scroll of blinking
 h - 3 scrolls of teleportation
 n - 2 scrolls of fear
 q - a scroll of enchant armour
Potions
 b - 2 potions of magic
 f - 4 potions of attraction
 k - 2 potions of ambrosia
 l - 3 potions of curing {unknown}
 m - a potion of brilliance {unknown}
 s - a potion of degeneration {unknown}


   Skills:
 - Level 2.4 Dodging
 - Level 2.4 Stealth
 + Level 6.5 Spellcasting
 + Level 6.5 Conjurations
 + Level 4.8 Hexes


You had 11 spell levels left.
You knew the following spells:

 Your Spells              Type           Power      Damage    Failure   Level
a - Magic Dart            Conj           100%       1d8       1%          1
b - Dazzling Flash        Conj/Hex       72%        N/A       1%          3
c - Fulminant Prism       Conj/Hex       18%        3d11      7%          4

Your spell library contained the following spells:

 Spells                   Type           Power      Damage    Failure   Level
 Searing Ray              Conj           82%        2d7       1%          2
 Ensorcelled Hibernation  Hex/Ice        40%        N/A       4%          2
 Iskenderun's Mystic Bla  Conj/Tloc      24%        2d7       19%         4
 Spider Form              Tmut/Pois      8%         N/A       22%         3
 Anguish                  Hex/Necr       10%        N/A       26%         4


Dungeon Overview and Level Annotations

Branches:
Dungeon (5/15)             Temple (0/1) D:4         Ossuary (1/1)

Altars:
Dithmenos
Gozag
Makhleb
Ru
Sif Muna
Wu Jian
Xom


Message History

Aim: an elf zombie (lightly damaged, 100% to hit)
The magic dart hits the elf zombie but does no damage.
The elf zombie is lightly damaged.
Casting: Magic Dart (safe; 1% risk of failure)
Confirm with . or Enter, or press ? or * to list all spells.
Aiming: Magic Dart (safe; 1% risk of failure)
Press: ? - help, Shift-Dir - straight line, f/p - elf zombie
Aim: an elf zombie (lightly damaged, 100% to hit)
The magic dart hits the elf zombie.
The elf zombie is lightly damaged.
Casting: Magic Dart (safe; 1% risk of failure)
Confirm with . or Enter, or press ? or * to list all spells.
Aiming: Magic Dart (safe; 1% risk of failure)
Press: ? - help, Shift-Dir - straight line, f/p - elf zombie
Aim: an elf zombie (lightly damaged, 100% to hit)
The magic dart hits the elf zombie.
The elf zombie is lightly damaged.
Casting: Magic Dart (safe; 1% risk of failure)
Confirm with . or Enter, or press ? or * to list all spells.
Aiming: Magic Dart (safe; 1% risk of failure)
Press: ? - help, Shift-Dir - straight line, f/p - elf zombie
Aim: an elf zombie (lightly damaged, 100% to hit)
The magic dart hits the elf zombie!
The elf zombie is moderately damaged.
Casting: Magic Dart (safe; 1% risk of failure)
Confirm with . or Enter, or press ? or * to list all spells.
Aiming: Magic Dart (safe; 1% risk of failure)
Press: ? - help, Shift-Dir - straight line, f/p - elf zombie
Aim: an elf zombie (moderately damaged, 100% to hit)
The magic dart hits the elf zombie!
The elf zombie is moderately damaged.
The goblin zombie hits you but does no damage.
The goblin zombie closely misses you.
The elf zombie hits you but does no damage.
The goblin zombie hits you but does no damage.
The elf zombie hits you. The mummy hits you!
* * * LOW HITPOINT WARNING * * *
The mummy hits you!
You die...

######################
#.........∩∩@........#
#............M...Z...#
#...##############Z..#
#...# #...# #...#
#...# #...# #Z..#
#...# #Z..# #...#
#.... #...# #...#
#.... #...#


You could see a mummy, a goblin zombie and an elf zombie.

Vanquished Creatures
  An elf zombie (Ossuary)
  2 scorpions (D:4)
  A centaur zombie (Ossuary)
  A hound (D:5)
  Ijyb (D:3)
  An iguana (D:4)
  An orc wizard (D:4)
  A mummy (Ossuary)
  7 adders
  A worm (D:3)
  2 dart slugs
  4 orcs
  7 endoplasms
  2 giant cockroaches (D:2)
  5 goblins
  3 hobgoblins
  4 jackals (D:4)
  8 kobolds
  5 quokkas
  10 ball pythons
  3 bats (D:1)
  4 frilled lizards
  A goblin zombie (D:5)
  11 hobgoblin zombies (Ossuary)
  11 kobold zombies (Ossuary)
  3 orc zombies (Ossuary)
  A quokka zombie (D:5)
  24 rats
  A rat zombie (Ossuary)
126 creatures vanquished.

Vanquished Creatures (others)
  2 fulminant prisms (Ossuary)
2 creatures vanquished.

Grand Total: 128 creatures vanquished

Notes
Turn   | Place    | Note
-------+----------+-------------------------------------------
     0 | D:1      | warriortoast the Deep Elf Conjurer began the quest for the
                  | Orb.
     0 | D:1      | Reached XP level 1. HP: 10/10 MP: 6/6
    15 | D:1      | Noticed a minotaur skeleton
   375 | D:1      | Reached XP level 2. HP: 15/15 MP: 4/8
   416 | D:1      | Found a faded altar of an unknown god.
  1160 | D:2      | Reached XP level 3. HP: 19/19 MP: 7/10
  1164 | D:2      | Learned a level 3 spell: Dazzling Flash
  1221 | D:2      | Reached skill level 5 in Conjurations
  1371 | D:2      | Reached skill level 1 in Hexes
  2139 | D:3      | Reached XP level 4. HP: 24/24 MP: 9/12
  2165 | D:3      | Noticed Ijyb
  2172 | D:3      | Killed Ijyb
  2770 | D:3      | Found a burning altar of Makhleb.
  2803 | D:3      | Reached skill level 5 in Spellcasting
  3121 | D:3      | Reached XP level 5. HP: 24/28 MP: 0/14
  3585 | D:3      | Found a shimmering blue altar of Sif Muna.
  3588 | D:3      | Found an opulent altar of Gozag.
  3597 | D:3      | Found a sacrificial altar of Ru.
  3597 | D:3      | Found a shadowy altar of Dithmenos.
  3597 | D:3      | Found a shimmering altar of Xom.
  3600 | D:3      | Found an ornate altar of the Wu Jian Council.
  3614 | D:3      | Became a worshipper of Sif Muna the Loreminder
  4579 | D:4      | Found a staircase to the Ecumenical Temple.
  4718 | D:4      | Learned a level 4 spell: Fulminant Prism
  4793 | D:4      | Reached XP level 6. HP: 32/32 MP: 3/16
  5663 | D:5      | Entered Level 5 of the Dungeon
  5855 | D:5      | Found a sand-covered staircase.
  5875 | Ossuary  | Entered an ossuary
  6612 | Ossuary  | Reached XP level 7. HP: 15/36 MP: 6/18
  6617 | Ossuary  | Reached * piety under Sif Muna
  6675 | Ossuary  | Slain by a mummy

Illustrated notes

Levels and vault maps discovered:
D:1:      shiori_arrival_whats_in_store_for_you, layout_rooms,
          nicolae_ecumenical_snake_handling, minmay_3d_cube
D:2:      layout_loops_ring
D:3:      layout_loops_cross, mainiacjoe_overflow_tiny_flanked, minitemple,
          minmay_rat_hole, uniq_ijyb
D:4:      layout_layer_cave, minmay_temple_entry_overgrown
D:5:      layout_basic, mainiacjoe_overflow_alcove_4, enter_ossuary_4,
          ebering_dispersal_statue_hall, minmay_misc_feat_doors, uniq_grinder
Ossuary:  ossuary_tomb_1

Skill      XL: |  1  2  3  4  5  6 |
---------------+-------------------+-----
Spellcasting   | 4 5 6 |  6.5
Conjurations   | 5 6 |  6.5
Hexes          | 1 2 3 4 |  4.8
Dodging        | |  2.4
Stealth        | |  2.4

Action                   |  1- 3 |  4- 6 |  7- 9 || total
-------------------------+-------+-------+-------++-------
Melee: Short sword       |       |     3 |       ||     3
 Cast: Magic Dart        |    82 |   215 |     9 ||   306
       Dazzling Flash    |       |     1 |       ||     1
       Fulminant Prism   |       |     2 |       ||     2
  Use: Scroll            |       |     8 |       ||     8
Armor: Robe              |     3 |    42 |     3 ||    48
Dodge: Dodged            |     4 |    70 |     1 ||    75
